AoeStats
← Jelt

Nomad

505963368Analyzed
2v2 RM · 21d ago on Sep 11, 2026· 36m 44s· 4 players
Game mode
Random Map
Map size
176×176
Population
200
Speed
Normal
Resources
Standard
Victory
Conquest
Starting age
Dark Age
Ending age
Imperial Age
RankedLock teamsTeams togetherTeam positionsShared explorationLock speedFull tech treeHidden civsTurbo modeCheats
Victory
Defeat
🇺🇸 Turks · United States
945
+12
🇫🇷 Bohemians · France
898
+37
🇪🇸 Goths · Spain
883
-14
🇪🇸 Spanish · Spain
839
-18
simongarnier07
14:49 Feudal Age
15:16 Loom
15:26 Double-Bit Axe
15:27 Fishing Lines
21:20 Castle Age
19:56 Wheelbarrow
21:56 Crossbowman
22:32 Fletching
23:09 Bow Saw
24:54 Demolition Ship
26:07 Hand Cart
26:43 Medium Warships
27:12 Padded Archer Armor
27:08 Bodkin Arrow
30:58 Horse Collar
31:47 Pikeman
33:09 Forging
33:16 Leather Archer Armor
Brockkidd
6:17 Loom
15:54 Feudal Age
16:36 Double-Bit Axe
21:48 Castle Age
19:42 Horse Collar
22:11 Forging
23:14 Bow Saw
26:27 Fervor
27:05 Wheelbarrow
26:33 Heavy Plow
27:52 Sanctity
27:52 Gold Mining
Jelt
14:29 Feudal Age
15:24 Man-at-Arms
18:39 Forging
19:22 Scale Mail Armor
26:58 Castle Age
27:45 Husbandry
36:59 Scale Barding Armor
el_monaguillo
12:28 Loom
15:22 Feudal Age
15:58 Man-at-Arms
16:31 Double-Bit Axe
17:27 Wheelbarrow
19:47 Horse Collar
20:27 Gold Mining
21:39 Forging
21:29 Scale Mail Armor
22:34 Town Watch
25:42 Bloodlines
27:34 Castle Age
26:37 Stone Mining
27:40 Long Swordsman
30:30 Husbandry
30:40 Scale Barding Armor
31:06 Squires
31:42 Hand Cart
31:46 Heavy Plow
Connection lost

Rejoining the realm…

Still unreachable

The connection could not be restored.

Session expired

The server has moved on; the page needs a fresh start.